 Dungeon Crawl Stone Soup version 0.29.0-4-gdea44cf6ec (webtiles) character file.

Game seed: 4265396481504229558

469 qw the Chopper (level 7, -5/41 HPs)
             Began as a Tengu Warper on Aug 28, 2022.
             Slain by Duvessa
             ... wielding a +0 short sword
              (8 damage)
             ... on level 4 of the Dungeon.
             The game lasted 00:00:37 (4574 turns).

qw the Chopper (Tengu Warper)                       Turns: 4574, Time: 00:00:38

Health: -5/41      AC: 10    Str: 20    XL:     7   Next: 9%
Magic:  11/11      EV:  9    Int: 13    God:
Gold:   26         SH:  0    Dex: 13    Spells: 10/10 levels left

rFire   . . .      SeeInvis .   i - +0 war axe
rCold   . . .      Faith    .   (no shield)
rNeg    . . .      Spirit   .   f - +0 chain mail
rPois   .          Reflect  .   (helmet restricted)
rElec   .          Harm     .   (no cloak)
rCorr   +          Rampage  .   e - +1 pair of gloves
Will    .....                   (boots unavailable)
Stlth   ..........              (no amulet)
HPRegen 0.13/turn               b - +6 ring of strength
MPRegen 0.12/turn               m - ring of resist corrosion

@: flying quickly and evasively, quick
A: beak, talons 3, nimble flight
a: no special abilities


You were on level 4 of the Dungeon.
You visited 1 branch of the dungeon, and saw 4 of its levels.

You collected 233 gold pieces.
You spent 207 gold pieces at shops.


Innate Abilities, Weirdness & Mutations

You have a beak for a mouth.
You have claws for feet.
Your magical nature lets you fly swiftly and evasively.


   Skills:
 - Level 3.1 Fighting
 + Level 7.4 Axes
 - Level 1.0 Throwing
 - Level 2.0 Armour
 - Level 2.1 Dodging
 - Level 2.0 Spellcasting
 - Level 2.4 Translocations


You had 10 spell levels left.
You didn't know any spells.
Your spell library contained the following spells:

 Spells                   Type           Power      Damage    Failure   Level
 Blink                    Tloc           14%        N/A       85%         2
 Gell's Gravitas          Tloc           7%         N/A       97%         3
 Lesser Beckoning         Tloc           7%         N/A       97%         3
 Teleport Other           Tloc           7%         N/A       97%         3
 Manifold Assault         Tloc           7%         N/A       100%        5

Inventory:

Hand Weapons
 c - a +0 flail
 i - a +0 war axe (weapon)
Armour
 e - a +1 pair of gloves (worn)
 f - a +0 chain mail (worn)
 g - a +0 buckler
Jewellery
 b - a +6 ring of strength (left hand)
 m - a ring of resist corrosion (right hand)
Scrolls
 d - 2 scrolls of identify
 k - a scroll of teleportation
Potions
 a - 2 potions of heal wounds
 h - a potion of might

Dungeon Overview and Level Annotations

Branches:
Dungeon (4/15)
 Temple: D:4-7

Altars:
Hepliaklqana
Wu Jian
Xom

Shops:
D:2 **[*   D:3 :   D:4 ([[

Annotations:
D:4 Duvessa


Message History

There is an open door here.
You miss Dowan.
Dowan is heavily wounded.
Dowan hits you but does no damage.
You completely miss Dowan. You claw Dowan.
Dowan is almost dead.
Dowan misses you.
You hit Dowan.
You kill Dowan!
You hear a distant scream of rage.
Your Fighting skill increases to level 3!
You have reached level 7!
Things that are here:
a +0 club; a +0 leather armour
Things that are here:
a +0 club; a +0 leather armour
Found a stone staircase leading down.
Duvessa, Sister of Dowan comes into view.
She is wielding a +0 short sword and carrying a wand of roots (9).
Duvessa shouts!
Duvessa goes berserk!
Duvessa moves out of view.
Duvessa rages.
There is a stone staircase leading down here.
Duvessa rages.
Duvessa hits you with a +0 short sword. Duvessa closely misses you.
You hit Duvessa. You claw Duvessa.
Duvessa is lightly wounded.
Duvessa hits you but does no damage.
You closely miss Duvessa.
Duvessa is lightly wounded.
Duvessa barely misses you. Duvessa hits you with a +0 short sword.
You slash Duvessa! You claw Duvessa. You peck Duvessa, but do no damage.
Duvessa is moderately wounded.
Duvessa hits you with a +0 short sword! Duvessa misses you.
You hit Duvessa. Your kick misses Duvessa.
Duvessa is heavily wounded.
Duvessa hits you with a +0 short sword!
You hit Duvessa. You claw Duvessa.
Duvessa is heavily wounded.
Duvessa hits you with a +0 short sword! x2
You die...

#########
#.......#
######.#####.#####
.......)........>#
######.#####.###.#
########
######'#####.#..@#
#......#
#....).....#.#..e#
##......######
#..........#.#...#
../.....'.....
#..........#.#...#
##......######
#..........#.###.#
#...........#
#............. #.#
#.#########%##
######'####..# #.#
# ##..........
######.## ..# #.#
#.........##
%.......# .#
#..#......##


You could see Duvessa (berserk).

Vanquished Creatures
  Sigmund (D:3)
  A black bear (D:4)
  Dowan (D:4)
  A hound (D:4)
  6 adders
  4 worms
  2 dart slugs
  An orc (D:4)
  9 ball pythons
  4 bats
  9 endoplasms
  3 giant cockroaches
  5 goblins
  7 hobgoblins
  7 jackals
  2 quokkas
  4 frilled lizards
  9 kobolds
  6 rats
82 creatures vanquished.

Notes
Turn   | Place    | Note
-------+----------+-------------------------------------------
     0 | D:1      | qw the Tengu Warper began the quest for the Orb.
     0 | D:1      | Reached XP level 1. HP: 12/12 MP: 4/4
     0 | D:1      | 0 ||| qw: Version: 0.1-a-89-g26bdef1
     0 | D:1      | 0 ||| qw: Game counter: 3213
     0 | D:1      | 0 ||| qw: Always use a shield: true
     0 | D:1      | 0 ||| qw: God list: Okawaru
     0 | D:1      | 0 ||| qw: Allow faded altars: false
     0 | D:1      | 0 ||| qw: Do Orc after D:15 true
     0 | D:1      | 0 ||| qw: Do second Lair branch before Depths: true
     0 | D:1      | 0 ||| qw: Lair rune preference: random
     0 | D:1      | 0 ||| qw: Plans: Normal
     0 | D:1      | 0 ||| PLANNING D:1-11
     5 | D:1      | 5 ||| DROPPING scroll of blinking.
     6 | D:1      | 6 ||| Stepping randomly (stuck).
     7 | D:1      | 7 ||| Stepping randomly (stuck).
     8 | D:1      | 8 ||| Stepping randomly (stuck).
    49 | D:1      | 49 ||| Stepping randomly (stuck).
    50 | D:1      | 50 ||| Stepping randomly (stuck).
    51 | D:1      | 51 ||| Stepping randomly (stuck).
    52 | D:1      | 52 ||| Stepping randomly (stuck).
    53 | D:1      | 53 ||| Stepping randomly (stuck).
    54 | D:1      | 54 ||| Stepping randomly (stuck).
    55 | D:1      | 55 ||| Stepping randomly (stuck).
    56 | D:1      | 56 ||| Stepping randomly (stuck).
   223 | D:1      | 223 ||| Stepping randomly (stuck).
   224 | D:1      | 224 ||| Stepping randomly (stuck).
   225 | D:1      | 225 ||| Stepping randomly (stuck).
   226 | D:1      | 226 ||| Stepping randomly (stuck).
   227 | D:1      | 227 ||| Stepping randomly (stuck).
   228 | D:1      | 228 ||| Stepping randomly (stuck).
   229 | D:1      | 229 ||| Stepping randomly (stuck).
   230 | D:1      | 230 ||| Stepping randomly (stuck).
   231 | D:1      | 231 ||| Stepping randomly (stuck).
   238 | D:1      | Reached XP level 2. HP: 10/17 MP: 6/6
   365 | D:1      | Reached skill level 3 in Axes
   544 | D:1      | 544 ||| DROPPING +0 club.
   739 | D:1      | Reached XP level 3. HP: 21/21 MP: 7/7
   750 | D:1      | 750 ||| Stepping ~*~*~tactically~*~*~ (stealth).
   861 | D:1      | 861 ||| Stepping ~*~*~tactically~*~*~ (stealth).
   863 | D:1      | 863 ||| Stepping ~*~*~tactically~*~*~ (stealth).
   867 | D:1      | Reached skill level 4 in Axes
  1111 | D:1      | Found a faded altar of an unknown god.
  1383 | D:1      | 1383 ||| READING 2 scrolls labelled KUEZOPIPTI.
  1384 | D:1      | 1384 ||| READING scroll labelled POVOAM DEAWO.
  1385 | D:1      | 1385 ||| READING 2 scrolls labelled VOAL GUTAA.
  1390 | D:1      | 1390 ||| DROPPING scroll of poison.
  1414 | D:2      | 1414 ||| STAIRDANCE
  1505 | D:2      | 1505 ||| Stepping ~*~*~tactically~*~*~ (stealth).
  1506 | D:2      | 1506 ||| Stepping ~*~*~tactically~*~*~ (stealth).
  1510 | D:2      | 1510 ||| Stepping ~*~*~tactically~*~*~ (stealth).
  1511 | D:2      | 1511 ||| Stepping ~*~*~tactically~*~*~ (stealth).
  1512 | D:2      | 1512 ||| Stepping ~*~*~tactically~*~*~ (stealth).
  1513 | D:2      | 1513 ||| Stepping ~*~*~tactically~*~*~ (stealth).
  1514 | D:2      | 1514 ||| Stepping ~*~*~tactically~*~*~ (stealth).
  1516 | D:2      | 1516 ||| Stepping ~*~*~tactically~*~*~ (stealth).
  1517 | D:2      | 1517 ||| Stepping ~*~*~tactically~*~*~ (stealth).
  1536 | D:2      | 1536 ||| Stepping ~*~*~tactically~*~*~ (stealth).
  1537 | D:2      | 1537 ||| Stepping ~*~*~tactically~*~*~ (stealth).
  1538 | D:2      | 1538 ||| Stepping ~*~*~tactically~*~*~ (stealth).
  1549 | D:2      | You fall into a shaft and drop 1 floor!
  1550 | D:3      | 1550 ||| DROPPING amulet of magic regeneration.
  1551 | D:3      | 1551 ||| READING scroll labelled XAFUUR DEAQE.
  1555 | D:3      | 1555 ||| STAIRDANCE
  1563 | D:2      | Reached XP level 4. HP: 13/26 MP: 8/8
  1745 | D:2      | 1745 ||| Stepping ~*~*~tactically~*~*~ (stealth).
  1746 | D:2      | 1746 ||| Stepping ~*~*~tactically~*~*~ (stealth).
  1747 | D:2      | 1747 ||| Stepping ~*~*~tactically~*~*~ (stealth).
  1748 | D:2      | 1748 ||| Stepping ~*~*~tactically~*~*~ (stealth).
  1946 | D:2      | 1946 ||| DROPPING +0 whip.
  1967 | D:2      | HP: 6/26 [hobgoblin/+0 club (2)]
  1968 | D:2      | 1968 ||| READING scroll of teleportation.
  1969 | D:2      | HP: 2/26 [hobgoblin/+0 club (1)]
  2298 | D:2      | Found Kiuckael's Assorted Antiques.
  2303 | D:2      | 2303 ||| BUYING brown potion (21 gold).
  2303 | D:2      | Bought a brown potion for 21 gold pieces
  2303 | D:2      | 2303 ||| SHOPLISTING scroll of teleportation (72 gold, have
                  | 16).
  2303 | D:2      | 2303 ||| SHOPLISTING tiny fluorescent amulet (120 gold,
                  | have 16).
  2348 | D:2      | Found Yves's Assorted Antiques.
  2361 | D:2      | 2361 ||| SHOPLISTING 2 bubbling inky potions (48 gold, have
                  | 46).
  2361 | D:2      | 2361 ||| BUYING brown potion (24 gold).
  2361 | D:2      | Bought a brown potion for 24 gold pieces
  2361 | D:2      | 2361 ||| SHOPLISTING glowing flail (175 gold, have 22).
  2361 | D:2      | 2361 ||| SHOPLISTING glowing leather armour (135 gold, have
                  | 22).
  2361 | D:2      | 2361 ||| SHOPLISTING purple potion (24 gold, have 22).
  2361 | D:2      | 2361 ||| SHOPLISTING runed war axe (175 gold, have 22).
  2361 | D:2      | 2361 ||| SHOPLISTING scroll labelled HISANWI HOLIEC (27
                  | gold, have 22).
  2406 | D:2      | Found Compis's Armour Emporium.
  2423 | D:2      | 2423 ||| BUYING +0 chain mail (54 gold).
  2423 | D:2      | Bought a +0 chain mail for 54 gold pieces
  2423 | D:2      | 2423 ||| SHOPLISTING +2 plate armour of fire resistance
                  | (480 gold, have 10).
  2423 | D:2      | 2423 ||| SHOPLISTING +3 plate armour of positive energy
                  | (504 gold, have 10).
  2498 | D:2      | 2498 ||| Stepping ~*~*~tactically~*~*~ (stealth).
  2630 | D:2      | 2630 ||| FLEEEEING.
  2732 | D:2      | 2732 ||| FLEEEEING.
  2737 | D:2      | 2737 ||| STAIRDANCE
  2790 | D:1      | 2790 ||| UPGRADING to +1 pair of gloves.
  2795 | D:1      | 2795 ||| UPGRADING to +0 chain mail.
  2805 | D:1      | 2805 ||| DROPPING +0 leather armour.
  2806 | D:1      | 2806 ||| DROPPING +0 pair of gloves.
  2807 | D:1      | 2807 ||| READING scroll labelled HISANWI HOLIEC.
  2808 | D:1      | 2808 ||| READING scroll labelled MECRELLIEK.
  2809 | D:1      | 2809 ||| DRINKING 2 brown potions.
  2810 | D:1      | 2810 ||| DROPPING potion of attraction.
  2818 | D:2      | Reached skill level 5 in Axes
  2846 | D:2      | Found Wucir's Assorted Antiques.
  2853 | D:2      | 2853 ||| Stepping ~*~*~tactically~*~*~ (stealth).
  2893 | D:2      | 2893 ||| SHOPLISTING bubbling grey potion (24 gold, have
                  | 13).
  2893 | D:2      | 2893 ||| SHOPLISTING morningstar (108 gold, have 13).
  2893 | D:2      | 2893 ||| SHOPLISTING scroll labelled MISATHR SEMMIGULIED
                  | (27 gold, have 13).
  2893 | D:2      | 2893 ||| SHOPLISTING scroll labelled QAPEESHROSM (27 gold,
                  | have 13).
  2893 | D:2      | 2893 ||| SHOPLISTING scroll of identify (54 gold, have 13).
  3163 | D:2      | 3163 ||| READING scroll labelled MISATHR SEMMIGULIED.
  3164 | D:2      | 3164 ||| READING 2 scrolls of identify.
  3164 | D:2      | 3164 ||| IDENTIFYING orange potion
  3172 | D:3      | Noticed Sigmund
  3181 | D:3      | HP: 5/26 [something (2)]
  3183 | D:3      | Killed Sigmund
  3184 | D:3      | Reached skill level 6 in Axes
  3184 | D:3      | Gained mutation: Your magical nature lets you fly swiftly
                  | and evasively. [Tengu growth]
  3184 | D:3      | Reached XP level 5. HP: 6/30 MP: 9/9
  3184 | D:3      | Reached XP level 6. HP: 7/35 MP: 10/10
  3261 | D:3      | 3261 ||| FLEEEEING.
  3262 | D:3      | 3262 ||| STAIRDANCE
  3567 | D:3      | Found an ornate altar of the Wu Jian Council.
  3569 | D:3      | Found a hazy altar of Hepliaklqana.
  3624 | D:3      | Found Jaogenea's Book Emporium.
  3979 | D:3      | 3979 ||| UPGRADING to +6 ring of strength.
  3980 | D:3      | 3980 ||| UPGRADING to ring of resist corrosion.
  3981 | D:3      | 3981 ||| READING scroll labelled UMPUUNO YCODGH.
  3982 | D:3      | 3982 ||| READING scroll labelled MYUH ISUINIFI.
  4122 | D:3      | 4122 ||| READING 4 scrolls of identify.
  4122 | D:3      | 4122 ||| IDENTIFYING amethyst potion
  4123 | D:3      | 4123 ||| READING 3 scrolls of identify.
  4123 | D:3      | 4123 ||| IDENTIFYING white potion
  4124 | D:3      | 4124 ||| READING 2 scrolls of identify.
  4124 | D:3      | 4124 ||| IDENTIFYING puce potion
  4125 | D:3      | 4125 ||| DROPPING potion of lignification.
  4126 | D:3      | 4126 ||| DROPPING potion of magic.
  4163 | D:4      | 4163 ||| Stepping ~*~*~tactically~*~*~ (hiding).
  4173 | D:4      | Found Nytenits's Antique Armour Shop.
  4179 | D:4      | 4179 ||| SHOPLISTING shiny ring mail (168 gold, have 111).
  4181 | D:4      | Noticed a black bear
  4193 | D:4      | Killed a black bear
  4194 | D:4      | Reached skill level 7 in Axes
  4252 | D:4      | Found Rierhuwn's Armour Shop.
  4260 | D:4      | 4260 ||| BUYING +0 buckler (63 gold).
  4260 | D:4      | Bought a +0 buckler for 63 gold pieces
  4260 | D:4      | 4260 ||| SHOPLISTING +1 cloak of willpower (231 gold, have
                  | 48).
  4274 | D:4      | Found Duxkisif's Weapon Shop.
  4287 | D:4      | 4287 ||| BUYING +0 war axe (45 gold).
  4287 | D:4      | Bought a +0 war axe for 45 gold pieces
  4287 | D:4      | 4287 ||| SHOPLISTING +2 hand axe of flaming (226 gold, have
                  | 3).
  4287 | D:4      | 4287 ||| SWAPPING to +0 war axe.
  4288 | D:4      | 4288 ||| DROPPING +0 hand axe.
  4416 | D:4      | Identified the +7 great sword of the Thieving Gods {venom,
                  | Str+4}
  4428 | D:4      | Found a shimmering altar of Xom.
  4435 | D:4      | 4435 ||| Stepping ~*~*~tactically~*~*~ (stealth).
  4539 | D:4      | Noticed Dowan
  4540 | D:4      | 4540 ||| Stepping ~*~*~tactically~*~*~ (hiding).
  4553 | D:4      | Killed Dowan
  4554 | D:4      | Reached skill level 3 in Fighting
  4554 | D:4      | Reached XP level 7. HP: 41/41 MP: 11/11
  4566 | D:4      | Noticed Duvessa
  4574 | D:4      | HP: 3/41 [Duvessa/+0 short sword (9)]
  4574 | D:4      | Slain by Duvessa

Levels and vault maps discovered:
D:1:      dpeg_arrival_windows_large_door, layout_loops_corners,
          ebering_ecumenical_altar_hall, nicolae_wormholes
D:2:      layout_basic, serial_shops, nicolae_shop_statue_plus, shop_coins,
          shop, shop, minmay_randomly_rotated_circles
D:3:      layout_rooms, jmf_multi_god_temple, serial_shops, shop, uniq_sigmund
D:4:      layout_basic, mainiacjoe_overflow_large_starburst, elyvilon_altar_1,
          mainiacjoe_overflow_tiny_flanked, old_standard_altar, serial_shops,
          shop, kennysheep_mini_moat, nicolae_shop_bloodbath_and_beyond, shop,
          uniq_duvessa

Skill      XL: |  1  2  3  4  5  6 |
---------------+-------------------+-----
Axes           | 3 4 6 7 |  7.4
Armour         | 2 |  2.0
Fighting       | 3 |  3.1
Throwing       | |  1.0
Dodging        | |  2.1
Spellcasting   | |  2.0
Translocations | |  2.4

Action                   |  1- 3 |  4- 6 |  7- 9 || total
-------------------------+-------+-------+-------++-------
Melee: Hand axe          |    72 |   119 |       ||   191
       Kick              |    21 |    37 |     3 ||    61
       Peck              |    11 |    21 |     1 ||    33
       War axe           |       |    23 |     5 ||    28
       Punch             |       |     1 |       ||     1
Throw: Boomerang         |     7 |       |       ||     7
  Use: Scroll            |     4 |    10 |       ||    14
       Potion            |       |     1 |       ||     1
 Stab: Sleeping          |     1 |       |       ||     1
Armor: Leather armour    |    16 |     2 |       ||    18
       Chain mail        |       |    47 |     1 ||    48
Dodge: Dodged            |    34 |    55 |     3 ||    92

Table legend:
 A = Non-vault XP
 B = Vault XP
 C = Vault XP percentage of total XP
 D = Non-vault monster count
 E = Vault monster count
 F = Vault count percentage of total count
                 A         B        C        D         E       F
            +---------+---------+-------+---------+---------+-------
      Total |     363 |     308 |  45.9 |      71 |      11 |  13.4
            +---------+---------+-------+---------+---------+-------
        D:1 |      49 |       5 |   9.3 |      27 |       1 |   3.6
        D:2 |      72 |      24 |  25.0 |      21 |       6 |  22.2
        D:3 |      40 |     213 |  84.2 |      11 |       3 |  21.4
        D:4 |     202 |      66 |  24.6 |      12 |       1 |   7.7
            +---------+---------+-------+---------+---------+-------
